 Dungeon Crawl Stone Soup version 0.26.1-11-gd32895ea62 (webtiles) character file.

Game seed: 3549000181824521524

968 sankara the Cleaver (level 7, -1/57 HPs)
             Began as a Minotaur Fighter on June 19, 2021.
             Was an Initiate of Okawaru.
             Slain by an orc warrior
             ... wielding a +0 short sword
              (3 damage)
             ... on level 5 of the Dungeon.
             The game lasted 00:11:34 (4868 turns).

sankara the Cleaver (Minotaur Fighter)              Turns: 4868, Time: 00:11:34

Health: -1/57      AC: 14    Str: 21    XL:     7   Next: 93%
Magic:  6/6        EV:  4    Int:  5    God:    Okawaru [......]
Gold:   297        SH:  9    Dex: 11    Spells: 6/6 levels left

rFire    . . .     SeeInvis .   a - +0 war axe
rCold    . . .     Faith    .   c - +0 kite shield
rNeg     . . .     Spirit   .   k - +0 plate armour
rPois    .         Reflect  .   (helmet restricted)
rElec    .         Harm     .   (no cloak)
rCorr    .         Rampage  .   f - +0 pair of gloves
Will     .....                  (no boots)
Stlth    ..........             s - amulet of magic regeneration
HPRegen  0.19/turn              l - ring of wizardry
MPRegen  0.35/turn              (no ring)

@: no status effects
A: retaliatory headbutt, horns 2
a: Renounce Religion


You were on level 5 of the Dungeon.
You worshipped Okawaru.
Okawaru was noncommittal.
You visited 2 branches of the dungeon, and saw 7 of its levels.

You collected 297 gold pieces.

Inventory:

Hand Weapons
 a - a +0 war axe (weapon)
 A - a +0 hand crossbow
Missiles
 e - 228 stones (quivered)
 g - 59 poisoned darts
 n - 6 atropa-tipped darts
 o - 13 sling bullets
 z - 7 boomerangs
Armour
 c - a +0 kite shield (worn)
 f - a +0 pair of gloves (worn)
 k - a +0 plate armour (worn)
 D - a +1 chain mail of cold resistance
Jewellery
 l - a ring of wizardry (left hand)
 s - an amulet of magic regeneration (around neck)
 E - a +6 ring of strength {unknown}
Wands
 y - a wand of acid (10)
Scrolls
 b - 7 scrolls of remove curse {unknown}
 h - 3 scrolls of teleportation {unknown}
 j - a scroll of magic mapping {unknown}
 m - a scroll of immolation {unknown}
 p - 4 scrolls of identify {unknown}
 r - a scroll of fear {unknown}
 B - 3 scrolls of random uselessness {unknown}
Potions
 d - 4 potions of might
 i - a potion of magic {unknown}
 q - 3 potions of curing {unknown}
 t - 4 potions of flight {unknown}
 u - a potion of berserk rage {unknown}
 v - a potion of cancellation {unknown}
 w - a potion of haste
 x - a potion of ambrosia {unknown}
 C - a potion of brilliance {unknown}
 F - a potion of heal wounds {unknown}


   Skills:
 - Level 3.6 Fighting
 * Level 8.7 Axes
 - Level 3.0 Throwing
 + Level 6.8 Armour
 - Level 3.6 Shields


You had 6 spell levels left.
You didn't know any spells.
Your spell library was empty.

Dungeon Overview and Level Annotations

Branches:
Dungeon (6/15)             Temple (1/1) D:5

Altars:
Ashenzari
Cheibriados
Dithmenos
Elyvilon
Fedhas
Gozag
Hepliaklqana
Kikubaaqudgha
Makhleb
Nemelex Xobeh
Okawaru
Qazlal
Ru
Sif Muna
Trog
Uskayaw
Vehumet
Wu Jian
Xom
Yredelemnul
Zin
The Shining One


Innate Abilities, Weirdness & Mutations

You reflexively headbutt those who attack you in melee.
You have a pair of horns on your head.


Message History

You closely miss the orc warrior.
The orc warrior is moderately wounded.
The orc warrior hits you with a +0 short sword!
* * * LOW HITPOINT WARNING * * *
Okay, then.
Aiming: Corrosive Bolt
Press: ? - help, Shift-Dir - straight line, f - orc warrior
Aim: an orc warrior, wielding a +0 short sword and wearing a +0 chain mail (moderately wounded, 32% to evade)
The bolt of acid hits the orc warrior.
The orc warrior is splashed with acid.
The acid corrodes the orc warrior!
The orc warrior is severely wounded.
The orc warrior hits you but does no damage.
You barely miss the orc warrior. Your headbutt misses the orc warrior.
The orc warrior is severely wounded.
You block the orc warrior's attack.
Unknown command.
You barely miss the orc warrior.
The orc warrior is severely wounded.
The orc warrior hits you with a +0 short sword.
You die...

.............#.....<##
.....................####
.........###............##
#.#......##....##........#
#.#.............#........#
............##...........##
#.#.......................#
..#.......##.....o........#
................@........##
.##.......................#
........................#.#
#.........................##
#.#....##..................#
..#.......................##
......#.......######...>###
.##...#.##........##..###
............##........###


You could see an orc warrior (corroded).

Vanquished Creatures
  An ogre (D:3)
  A necrophage (D:5)
  A centaur (D:5)
  2 scorpions (D:5)
  5 wights (D:4)
  A howler monkey (D:5)
  A bullfrog zombie (D:5)
  A bullfrog skeleton (D:6)
  A centaur skeleton (D:5)
  4 worker ants
  A hound zombie (D:5)
  A hound skeleton (D:5)
  5 adders
  A white imp (D:5)
  2 adder zombies (D:5)
  3 worms
  A dart slug (D:1)
  A leopard gecko (D:5)
  9 orcs
  4 giant cockroaches
  8 hobgoblins
  13 jackals
  9 kobolds
  2 quokkas
  2 ball pythons
  4 bats
  2 frilled lizards
  7 goblins
  10 rats
103 creatures vanquished.

Notes
Turn   | Place    | Note
-------+----------+-------------------------------------------
     0 | D:1      | sankara the Minotaur Fighter began the quest for the Orb.
     0 | D:1      | Reached XP level 1. HP: 19/19 MP: 0/0
    36 | D:1      | Reached skill level 3 in Axes
    42 | D:1      | Reached XP level 2. HP: 17/26 MP: 1/1
   458 | D:1      | Reached XP level 3. HP: 28/31 MP: 2/2
   821 | D:2      | Found a faded altar of an unknown god.
   938 | D:2      | Reached skill level 4 in Axes
  1369 | D:2      | Reached XP level 4. HP: 39/39 MP: 3/3
  1844 | D:3      | Noticed an ogre
  1852 | D:3      | Killed an ogre
  1853 | D:3      | Reached skill level 5 in Axes
  1853 | D:3      | Reached skill level 5 in Armour
  1853 | D:3      | Reached XP level 5. HP: 22/45 MP: 4/4
  2236 | D:4      | Reached skill level 6 in Axes
  2243 | D:4      | Reached skill level 1 in Throwing
  2243 | D:4      | Reached XP level 6. HP: 39/50 MP: 5/5
  3066 | D:4      | Reached skill level 7 in Axes
  3472 | D:5      | Entered Level 5 of the Dungeon
  3508 | D:5      | Reached XP level 7. HP: 50/57 MP: 6/6
  3926 | D:5      | Found a sparkling altar of Nemelex Xobeh.
  3934 | D:5      | Found a staircase to the Ecumenical Temple.
  3944 | Temple   | Entered the Ecumenical Temple
  4233 | Temple   | Became a worshipper of Warmaster Okawaru
  4361 | D:5      | Reached skill level 8 in Axes
  4865 | D:5      | HP: 2/57 [orc warrior/+0 short sword (7)]
  4868 | D:5      | Slain by an orc warrior

Illustrated notes

Levels and vault maps discovered:
D:1:      sevenhm_arrival_forest_fort_small_6, layout_rooms
D:2:      layout_basic, chequers_ecumenical_altar_simple
D:3:      layout_rooms, st_stairs_4, minmay_bisected
D:4:      layout_loops_corners, abandoned_shop
D:5:      layout_cave_pools, lemuel_crystal_altar, minmay_temple_entry_ruins
D:6:      layout_basic, serial_shops, kennysheep_mini_moat
Temple:   kilobyte_greek_temple

Skill      XL: |  1  2  3  4  5  6  7 |
---------------+----------------------+-----
Axes           | 3 4 5 6 7 8 |  8.7
Armour         | 4 5 6 |  6.8
Throwing       | 1 2 3 |  3.0
Fighting       | |  3.6
Shields        | |  3.6

Action                   |  1- 3 |  4- 6 |  7- 9 || total
-------------------------+-------+-------+-------++-------
Melee: War axe           |    82 |   129 |    77 ||   288
       Headbutt          |    10 |    25 |    17 ||    52
Throw: Dart              |       |     3 |       ||     3
Evoke: Wand              |       |       |     1 ||     1
Armor: Scale mail        |    17 |       |       ||    17
       Plate armour      |    36 |    68 |    50 ||   154
Dodge: Dodged            |    28 |    23 |     7 ||    58
Block: Kite shield       |    54 |    53 |    39 ||   146
